AoeStats
← DS_CuervoNegro

Arabia

510532478Analyzed
1v1 RM · 15h ago on Oct 1, 2026· 47m 52s· 2 players
Game mode
Random Map
Map size
Tiny (2 player)
Population
200
Speed
Normal
Resources
Standard
Victory
Conquest
Starting age
Dark Age
Ending age
Imperial Age
RankedLock teamsTeams togetherTeam positionsShared explorationLock speedFull tech treeHidden civsTurbo modeCheats
Victory
Defeat
🇫🇷 Vietnamese · France
863
+15
🇦🇷 Persians · Argentina
851
-15
DS_CuervoNegro
6:53 Loom
9:24 Feudal Age
10:31 Double-Bit Axe
10:28 Horse Collar
16:17 Wheelbarrow
19:39 Castle Age
18:30 Gold Mining
18:47 Scale Barding Armor
18:53 Forging
19:09 Bloodlines
20:00 Forging
20:44 Husbandry
29:10 Chain Barding Armor
29:26 Iron Casting
30:16 Elite Skirmisher
31:54 Gold Shaft Mining
33:22 Thumb Ring
42:25 Imperial Age
45:25 Cavalier
46:48 Plate Barding Armor
47:13 Blast Furnace
45:57 Heavy Scorpion
Balou
8:37 Loom
11:18 Feudal Age
12:53 Double-Bit Axe
22:15 Castle Age
21:35 Horse Collar
21:47 Stone Mining
21:51 Gold Mining
22:43 Bloodlines
22:48 Forging
22:44 Scale Barding Armor
23:54 Wheelbarrow
25:26 Stone Shaft Mining
25:36 Squires
27:20 Hand Cart
27:33 Pikeman
32:37 Husbandry
34:23 Iron Casting
36:36 Imperial Age
35:00 Scale Mail Armor
37:06 Heavy Plow
37:19 Bow Saw
36:41 Halberdier
39:23 Chatras
44:38 Chain Mail Armor
45:43 Elite Battle Elephant
46:08 Elite Skirmisher
47:11 Paper Money
Connection lost

Rejoining the realm…

Still unreachable

The connection could not be restored.

Session expired

The server has moved on; the page needs a fresh start.